 Dungeon Crawl Stone Soup version 0.29-a0-1065-g47a6bb87d6 (webtiles) character file.

Game seed: 15127698510357370453

2844 themarg the Martial Artist (level 9, -1/68 HPs)
             Began as a Gnoll Transmuter on Aug 18, 2022.
             Was a Follower of Vehumet.
             Killed from afar by an electric eel (6 damage)
             ... with a bolt of electricity
             ... on level 7 of the Dungeon.
             The game lasted 00:32:48 (5892 turns).

themarg the Martial Artist (Gnoll Transmuter)       Turns: 5892, Time: 00:32:50

Health: -1/68      AC: 20    Str:  9    XL:     9   Next: 74%
Magic:  19/19      EV: -4    Int: 16    God:    Vehumet [*.....]
Gold:   204        SH:  7    Dex: 14    Spells: 16/22 levels left

rFire   . . .      SeeInvis +   D - +4 morningstar
rCold   . . .      Faith    .   x - +2 buckler "Haxtolecw" {+Inv Regen+}
rNeg    . . .      Spirit   .   k - +1 crystal plate armour of Nihilism {Fly Will+}
rPois   .          Reflect  .   (no helmet)
rElec   .          Harm     .   f - +0 cloak
rCorr   .          Rampage  .   v - +0 pair of gloves
Will    +....                   (no boots)
Stlth   ..........              d - amulet of regeneration
HPRegen 1.81/turn               q - ring of see invisible
MPRegen 0.16/turn               (no ring)

@: flying
A: fangs 1, strong nose, distributed training
a: Renounce Religion, Evoke Invisibility


You were on level 7 of the Dungeon.
You worshipped Vehumet.
Vehumet was aware of your devotion.
You visited 2 branches of the dungeon, and saw 8 of its levels.
You also visited: Sewer.

You collected 403 gold pieces.
You spent 199 gold pieces at shops.

Inventory:

Hand Weapons
 z - the +3 dagger of Guile {vorpal, rElec Str+2 Dex+6}
   (You took it off a centaur on level 7 of the Dungeon)

   It inflicts extra damage upon your enemies.
   Str:       It affects your strength (+2).
   Dex:       It affects your dexterity (+6).
   rElec:     It insulates you from electricity.
 D - a +4 morningstar (weapon)
Missiles
 l - 39 stones
 m - 3 poisoned darts
Armour
 a - a +0 robe
 f - a +0 cloak (worn)
 k - the +1 crystal plate armour of Nihilism (worn) {Fly Will+}
   (You acquired it on level 6 of the Dungeon)

   Fly:       It grants you flight.
   Will:      It increases your willpower.
 v - a +0 pair of gloves (worn)
 x - the +2 buckler "Haxtolecw" (worn) {+Inv Regen+}
   (You acquired it on level 7 of the Dungeon)

   +Inv:      It lets you turn invisible.
   Regen:     It increases your rate of health regeneration.
Jewellery
 d - an amulet of regeneration (around neck)
 q - a ring of see invisible (left hand)
Wands
 B - a wand of flame (47)
Scrolls
 c - 2 scrolls of noise
 g - 3 scrolls of magic mapping
 h - 5 scrolls of teleportation
 i - 2 scrolls of brand weapon
 s - a scroll of poison
 u - a scroll of blinking
 y - a scroll of fear
 A - a scroll of butterflies {unknown}
 C - a scroll of immolation {unknown}
 F - a scroll of identify
 G - a scroll of amnesia {unknown}
Potions
 b - 6 potions of lignification
 e - 7 potions of curing
 j - a potion of brilliance {unknown}
 n - a potion of cancellation {unknown}
 o - a potion of attraction {unknown}
 p - 2 potions of heal wounds
 r - 4 potions of haste
 t - a potion of degeneration {unknown}
 w - 2 potions of might
 E - a potion of mutation {unknown}


   Skills:
 + Level 5.4 Fighting
 + Level 4.7 Short Blades
 + Level 4.7 Long Blades
 + Level 4.7 Axes
 + Level 4.7 Maces & Flails
 + Level 4.7 Polearms
 + Level 4.7 Staves
 + Level 4.7 Ranged Weapons
 + Level 4.7 Throwing
 + Level 4.7 Armour
 + Level 6.6 Dodging
 + Level 4.7 Stealth
 + Level 4.7 Shields
 + Level 8.1 Unarmed Combat
 + Level 7.0 Spellcasting
 + Level 3.9 Conjurations
 + Level 3.9 Hexes
 + Level 3.9 Summonings
 + Level 3.9 Necromancy
 + Level 3.9 Translocations
 + Level 5.5 Transmutations
 + Level 3.9 Fire Magic
 + Level 3.9 Ice Magic
 + Level 3.9 Air Magic
 + Level 3.9 Earth Magic
 + Level 3.9 Poison Magic
 + Level 5.2 Invocations
 + Level 4.7 Evocations


You had 16 spell levels left.
You knew the following spells:

 Your Spells              Type           Power      Damage    Failure   Level
a - Beastly Appendage     Tmut           46%        N/A       100%        1
b - Wereblood             Tmut           23%        N/A       100%        2
c - Spider Form           Tmut/Pois      20%        N/A       100%        3

Your spell library contained the following spells:

 Spells                   Type           Power      Damage    Failure   Level
 Foxfire                  Conj/Fire      72%        2x1d7     100%        1
 Magic Dart               Conj           72%        1d6       100%        1
 Call Imp                 Summ           18%        N/A       100%        2
 Gell's Gravitas          Tloc           18%        N/A       100%        3
 Lesser Beckoning         Tloc           18%        N/A       100%        3
 Mephitic Cloud           Conj/Pois/Air  18%        N/A       100%        3
 Teleport Other           Tloc           18%        N/A       100%        3
 Airstrike                Air            9%         2d(2-18)  100%        4
 Ice Form                 Ice/Tmut       20%        N/A       100%        4
 Summon Lightning Spire   Summ/Air       18%        N/A       100%        4
 Lightning Bolt           Conj/Air       9%         1d21      100%        5


Dungeon Overview and Level Annotations

Branches:
Dungeon (7/15)             Temple (1/1) D:5           Sewer (visited)

Altars:
Ashenzari
Cheibriados
Dithmenos
Elyvilon
Fedhas
Gozag
Hepliaklqana
Kikubaaqudgha
Makhleb
Nemelex Xobeh
Okawaru
Qazlal
Ru
Sif Muna
Trog
Vehumet
Yredelemnul
Zin
The Shining One

Shops:
D:1 [   D:3 *   D:6 **

Annotations:
D:5 3 runed translucent doors, IdlyInterested's ghost, amateur DsWn


Innate Abilities, Weirdness & Mutations

You have very sharp teeth.
Your uncanny sense of smell can sniff out nearby items.
Your experience applies equally to all skills.


Message History

The bolt of electricity hits you but does no damage.
The electric eel shoots out a bolt of lightning at you!
The bolt of electricity hits you!
You miss the electric eel.
The electric eel shoots out a bolt of lightning at you!
The bolt of electricity hits the electric eel.
The electric eel completely resists.
The bolt of electricity hits you!
You barely miss the electric eel.
The electric eel shoots out a bolt of lightning at you!
The bolt of electricity hits the electric eel.
The electric eel completely resists.
The bolt of electricity hits you!
The electric eel shoots out a bolt of lightning at you!
The bolt of electricity hits you.
The bolt of electricity hits the plant.
The plant begins to die.
You barely miss the electric eel. Your bite misses the electric eel.
You puncture the electric eel!
You kill the electric eel!
Vehumet accepts your kill.
The electric eel shoots out a bolt of lightning at you!
The bolt of electricity hits you!
Your Spellcasting skill increases to level 7!
A nearby plant withers and dies.
The electric eel shoots out a bolt of lightning at you!
The bolt of electricity hits you.
The electric eel shoots out a bolt of lightning at you!
The bolt of electricity hits you!
The electric eel shoots out a bolt of lightning at you!
The bolt of electricity hits you!
* * * LOW HITPOINT WARNING * * *
The electric eel shoots out a bolt of lightning at you!
The bolt of electricity hits you.
* * * LOW HITPOINT WARNING * * *
The electric eel shoots out a bolt of lightning at you!
The bolt of electricity hits you.
* * * LOW HITPOINT WARNING * * *
The bolt of electricity hits you.
* * * LOW HITPOINT WARNING * * *
The electric eel shoots out a bolt of lightning at you!
The bolt of electricity hits you.
You die...

.#..#...#.#.......# #.#
.##...###+##......#########.#####
#####.##...#..........##~♣♣.....#
#.......#....##)...#~~♣♣♣###..
#.......#######....~~~~~♣ ##.
###.......# #.....~~P~~≈♣♣♣♣##
#.........#####....♣P~~~≈≈~~♣♣~#
#...#+#...#...#...♣~P~~≈≈≈~~~P♣~
#...#.#...#....@.~~~~~~~≈~≈~~~~P
#...#.....#....#.♣~~~~~≈≈≈~~~~~~
#...##.#+#...###...~~~~≈~~≈~~~PP
###.....#.#'#####................
........'>......##♣.~~S~≈~≈≈~≈~~~
........##....<.#♣~.~~~~~≈~P≈≈≈≈≈
...#######......~♣~.~~~~♣♣♣~≈~~~P
...# #.......♣♣~~.~~~♣♣ ♣♣♣~≈~~
...# #...###.~♣~~.~~~♣ ♣~~~~


You could see an electric eel.

Vanquished Creatures
  Sigmund (D:2)
  2 steam dragons
  2 ice beasts
  An orc warrior (D:6)
  A black bear (D:6)
  2 centaurs (D:7)
  A phantom (D:6)
  5 necrophages
  A gnoll sergeant (D:6)
  10 wights (D:6)
  6 killer bees (D:7)
  An electric eel (D:7)
  2 hounds (D:6)
  2 gnoll boudas
  3 orc priests
  2 iguanas (D:4)
  4 orc wizards
  A hell rat (Sewer)
  Robin (D:2)
  11 gnolls
  5 adders
  A river rat (Sewer)
  A worm (D:5)
  4 dart slugs
  19 orcs
  5 ball pythons
  5 endoplasms
  5 giant cockroaches
  21 goblins
  9 hobgoblins
  5 kobolds
  3 quokkas
  5 bats
  5 frilled lizards
  5 rats
157 creatures vanquished.

Vanquished Creatures (others)
  13 plants (D:7)
13 creatures vanquished.

Grand Total: 170 creatures vanquished

Notes
Turn   | Place    | Note
-------+----------+-------------------------------------------
     0 | D:1      | themarg the Gnoll Transmuter began the quest for the Orb.
     0 | D:1      | Reached XP level 1. HP: 17/17 MP: 6/6
   132 | D:1      | Reached XP level 2. HP: 20/23 MP: 5/7
   137 | D:1      | Learned a level 2 spell: Wereblood
   257 | D:1      | Found Josti's Armour Shoppe.
   577 | D:2      | Reached skill level 5 in Spellcasting
   577 | D:2      | Reached XP level 3. HP: 24/28 MP: 6/9
   648 | D:2      | Noticed Robin
   664 | D:2      | Reached skill level 1 in Invocations
   665 | D:2      | Killed Robin
   667 | D:2      | Reached skill level 1 in Short Blades
   667 | D:2      | Reached skill level 1 in Long Blades
   667 | D:2      | Reached skill level 1 in Axes
   667 | D:2      | Reached skill level 1 in Maces & Flails
   667 | D:2      | Reached skill level 1 in Polearms
   667 | D:2      | Reached skill level 1 in Staves
   667 | D:2      | Reached skill level 1 in Ranged Weapons
   667 | D:2      | Reached skill level 1 in Throwing
   667 | D:2      | Reached skill level 1 in Armour
   667 | D:2      | Reached skill level 1 in Stealth
   667 | D:2      | Reached skill level 1 in Shields
   667 | D:2      | Reached skill level 1 in Evocations
   772 | D:2      | Found an ancient bone altar of Kikubaaqudgha.
   817 | D:2      | Reached XP level 4. HP: 32/34 MP: 11/11
   959 | D:2      | Learned a level 3 spell: Spider Form
  1033 | D:2      | Reached skill level 1 in Conjurations
  1033 | D:2      | Reached skill level 1 in Hexes
  1033 | D:2      | Reached skill level 1 in Summonings
  1033 | D:2      | Reached skill level 1 in Necromancy
  1033 | D:2      | Reached skill level 1 in Translocations
  1033 | D:2      | Reached skill level 1 in Fire Magic
  1033 | D:2      | Reached skill level 1 in Ice Magic
  1033 | D:2      | Reached skill level 1 in Air Magic
  1033 | D:2      | Reached skill level 1 in Earth Magic
  1033 | D:2      | Reached skill level 1 in Poison Magic
  1301 | D:2      | Noticed Sigmund
  1311 | D:2      | Killed Sigmund
  1312 | D:2      | Reached XP level 5. HP: 35/41 MP: 9/12
  1312 | D:2      | Reached XP level 6. HP: 40/47 MP: 9/13
  1600 | D:3      | Found a faded altar of an unknown god.
  1701 | D:3      | Found a basalt altar of Yredelemnul.
  1711 | D:3      | Reached skill level 5 in Dodging
  1991 | D:3      | Found Reits's General Store.
  1994 | D:3      | Bought a potion of heal wounds for 70 gold pieces
  1994 | D:3      | Bought a scroll of blinking for 105 gold pieces
  2021 | D:3      | Found an iron altar of Okawaru.
  2021 | D:3      | Found a sparkling altar of Nemelex Xobeh.
  2465 | D:4      | Reached skill level 7 in Unarmed Combat
  2465 | D:4      | Reached XP level 7. HP: 52/52 MP: 15/15
  2830 | D:5      | Entered Level 5 of the Dungeon
  2893 | D:5      | Found a glowing drain.
  2926 | Sewer    | Entered a sewer
  3057 | D:5      | Found a staircase to the Ecumenical Temple.
  3088 | Temple   | Entered the Ecumenical Temple
  3270 | Temple   | Became a worshipper of Vehumet
  3390 | D:5      | Found a runed translucent gate.
  3391 | D:5      | Found a runed translucent gate.
  3391 | D:5      | Found a runed translucent gate.
  3396 | D:5      | Noticed IdlyInterested's ghost (amateur DsWn)
  3455 | D:5      | Reached XP level 8. HP: 45/60 MP: 9/16
  4116 | D:6      | Found Qathrit's Specific Store.
  4116 | D:6      | Found Fehu's General Store.
  4129 | D:6      | Bought a scroll of identify for 24 gold pieces
  4552 | D:6      | Found a shadowy altar of Dithmenos.
  4616 | D:6      | Reached * piety under Vehumet
  4616 | D:6      | Offered knowledge of Foxfire by Vehumet.
  4617 | D:6      | Reached skill level 5 in Transmutations
  4677 | D:6      | Reached XP level 9. HP: 63/66 MP: 12/18
  4811 | D:6      | Reached skill level 5 in Fighting
  5094 | D:6      | Identified 2 scrolls of acquirement
  5115 | D:7      | Found a hazy altar of Hepliaklqana.
  5219 | D:7      | Acquired the +1 crystal plate armour of Nihilism {Fly
                  | Will+}
  5221 | D:7      | Acquired the +2 buckler "Haxtolecw" {+Inv Regen+}
  5268 | D:7      | HP: 3/67 [electric eel/bolt of electricity (13)]
  5344 | D:7      | Reached skill level 8 in Unarmed Combat
  5377 | D:7      | Reached skill level 5 in Invocations
  5604 | D:7      | Identified the +3 dagger of Guile {vorpal, rElec Str+2
                  | Dex+6}
  5891 | D:7      | HP: 3/68 [electric eel/bolt of electricity (5)]
  5892 | D:7      | Killed from afar by an electric eel

Illustrated notes

Levels and vault maps discovered:
D:1:      evilmike_arrival_home_sweet_home, layout_rooms, serial_shops,
          nicolae_shop_statue_plus, minmay_tromino_i2
D:2:      layout_basic, basic_altar, uniq_robin, uniq_sigmund
D:3:      layout_basic, gammafunk_temple_overflow_wave,
          yredelemnul_altar_generic, nicolae_ecumenical_pavilion, serial_shops,
          shop
D:4:      layout_basic, hex_tiny
D:5:      layout_cave_pods, minmay_temple_entry_statues, portal_sewer_entry_d,
          gammafunk_ghost_necromancy
D:6:      layout_gridville, nicolae_dithmenos_the_darkroom,
          nicolae_specific_store
D:7:      layout_basic, nicolae_hepliaklqana_hazy_memory, serial_glass,
          glass_columns_b, glass_columns_b, serial_bayou_lagoon_b
Temple:   nicolae_temple_two_arcs

Skill      XL: |  1  2  3  4  5  6  7  8  9 |
---------------+----------------------------+-----
Spellcasting   | 5 6 7 |  7.0
Invocations    | 1 2 3 4 5 |  5.2
Short Blades   | 1 2 3 4 |  4.7
Long Blades    | 1 2 3 4 |  4.7
Axes           | 1 2 3 4 |  4.7
Maces & Flails | 1 2 3 4 |  4.7
Polearms       | 1 2 3 4 |  4.7
Staves         | 1 2 3 4 |  4.7
Ranged Weapons | 1 2 3 4 |  4.7
Throwing       | 1 2 3 4 |  4.7
Armour         | 1 2 3 4 |  4.7
Stealth        | 1 2 3 4 |  4.7
Shields        | 1 2 3 4 |  4.7
Evocations     | 1 2 3 4 |  4.7
Conjurations   | 1 2 3 |  3.9
Hexes          | 1 2 3 |  3.9
Summonings     | 1 2 3 |  3.9
Necromancy     | 1 2 3 |  3.9
Translocations | 1 2 3 |  3.9
Fire Magic     | 1 2 3 |  3.9
Ice Magic      | 1 2 3 |  3.9
Air Magic      | 1 2 3 |  3.9
Earth Magic    | 1 2 3 |  3.9
Poison Magic   | 1 2 3 |  3.9
Fighting       | 3 4 5 |  5.4
Transmutations | 4 5 |  5.5
Dodging        | 5 6 |  6.6
Unarmed Combat | 7 8 |  8.1

Action                   |  1- 3 |  4- 6 |  7- 9 || total
-------------------------+-------+-------+-------++-------
Melee: Unarmed           |    10 |    14 |   226 ||   250
       Kick              |    13 |    16 |    11 ||    40
       Headbutt          |     6 |    15 |     8 ||    29
       Spear             |    33 |       |       ||    33
       Dagger            |    54 |   107 |    63 ||   224
       Bite              |     7 |    12 |     6 ||    25
       Punch             |       |     3 |     2 ||     5
       Morningstar       |       |       |    78 ||    78
 Cast: Beastly Appendage |    11 |    15 |    12 ||    38
       Wereblood         |     2 |     9 |    10 ||    21
       Spider Form       |       |     2 |    21 ||    23
  Use: Scroll            |       |       |    14 ||    14
       Potion            |       |       |     1 ||     1
 Stab: Sleeping          |     2 |     3 |     2 ||     7
Armor: Robe              |    24 |    15 |    15 ||    54
       Skin              |       |       |     5 ||     5
       Crystal plate arm |       |       |   163 ||   163
Dodge: Dodged            |    53 |    74 |   250 ||   377
Block: Buckler           |       |       |    50 ||    50

Table legend: (Time is in decaauts)
 A = Elapsed time spent in this place.
 B = Non-inter-level travel time spent in this place.
 C = Inter-level travel time spent in this place.
 D = Time resting spent in this place.
 E = Time spent auto-exploring this place.
 F = Levels seen in this place.
 G = Mean time per level.
                   A        B        C        D        E       F      G
               +--------+--------+--------+--------+--------+-----+--------+
         Total |   5887 |   5761 |    126 |    246 |   3287 |   9 |  654.1 |
       Dungeon |   5596 |   5470 |    126 |    246 |   3183 |   7 |  799.4 |
        Temple |    190 |    190 |      0 |      0 |    104 |   1 |  190.0 |
         Sewer |     99 |     99 |      0 |      0 |      0 |   1 |   99.0 |
               +--------+--------+--------+--------+--------+-----+--------+

Top non-repeatable levels by time:
     D:6: 1159 daAuts
     D:2: 1045 daAuts
     D:5: 902 daAuts
     D:7: 722 daAuts
     D:4: 711 daAuts
     D:1: 549 daAuts
     D:3: 506 daAuts
  Temple: 190 daAuts
   Sewer: 99 daAuts
